PBL
LOS ANGELES ANGELS @ CLEVELAND INDIANS
09/02/2070
 
TOP OF THE 1ST
Los Angeles Angels batting - Pitching for Cleveland Indians : LHP Maresuke Ono
Pitching: LHP Maresuke Ono
Batting: SHB Jeff Vaughn 0-0: Ground out 6-3 (Groundball, 56, EV 98.1 MPH)
Batting: RHB Raúl Galló 0-0: Ball
1-0: Foul Ball, location: 9LSF
1-1: Foul Ball, location: 2F
1-2: Foul Ball, location: 9LSF
1-2: Strikes out swinging
Batting: RHB Wayne Dorsett 0-0: Foul Ball, location: 25FF
0-1: Ball
1-1: Foul Ball, location: 2F
1-2: Foul Ball, location: 3SF
1-2: SINGLE (Groundball, 6MD, EV 93.8 MPH)
Batting: RHB Craig Martin 0-0: Swinging Strike
0-1: Ball
1-1: Ball
Wayne Dorsett steals 2nd base
2-1: Ball
3-1: Fly out, F8 (Flyball, 8RM, EV 95.0 MPH)
Top of the 1st over - 0 runs, 1 hit, 0 errors, 1 left on base; Los Angeles 0 - Cleveland 0
BOTTOM OF THE 1ST
Cleveland Indians batting - Pitching for Los Angeles Angels : RHP Bob Simmons Jr.
Pitching: RHP Bob Simmons Jr.
Batting: RHB Ramón Murillo 0-0: SOLO HOME RUN (Line Drive, 9LD, EV 96.9 MPH), Distance : 368 ft
Batting: LHB Jorge Morán 0-0: Called Strike
0-1: DOUBLE (Line Drive, 78XD, EV 109.4 MPH)
Batting: LHB Tony Locke 0-0: Ball
1-0: Ball
2-0: Ball
3-0: Base on Balls
Batting: RHB Cheung Fang 0-0: Called Strike
0-1: Fly out, F8 (Line Drive, 78D, EV 90.6 MPH)
Runner from 2nd tags up, SAFE at 3rd with throw by CF
Batting: LHB Ralph Brunskill 0-0: Ball
1-0: Ball
2-0: Swinging Strike
2-1: Ball
3-1: Base on Balls
Tony Locke to second
Batting: RHB Juan Galindo 0-0: Foul Ball, location: 2F
0-1: Fly out, F8 (Flyball, 8LXD, EV 92.5 MPH)
Runner from 3rd tags up, SCORES, no throw by CF
Batting: LHB Bill Martínez 0-0: Swinging Strike
0-1: Swinging Strike
0-2: Foul Ball, location: 3F
0-2: SINGLE (Groundball, 4MD, EV 109.4 MPH)
Tony Locke to third
Ralph Brunskill to second
Runner from 3rd tries for Home, SAFE, throw by CF to home
Ralph Brunskill to third
Bill Martínez to second
Batting: RHB Gonzalo González 0-0: Called Strike
0-1: Ball
1-1: Ball
2-1: Ball
3-1: Base on Balls
Batting: RHB Fedyenka Tiguntsev 0-0: Ball
1-0: Fly out, F8 (Flyball, 8LM, EV 94.4 MPH)
Bottom of the 1st over - 3 runs, 3 hits, 0 errors, 3 left on base; Los Angeles 0 - Cleveland 3
TOP OF THE 2ND
Los Angeles Angels batting - Pitching for Cleveland Indians : LHP Maresuke Ono
Batting: RHB Tony Mora 0-0: Ball
1-0: Called Strike
1-1: Ball
2-1: Foul Ball, location: 5F
2-2: SINGLE (Line Drive, 56D, EV 109.4 MPH)
Batting: RHB Chris Doubron 0-0: Ball
1-0: Called Strike
1-1: Ground out U3 (Groundball, 3S, EV 67.5 MPH)
Tony Mora to second
Batting: SHB Xavier Martínez 0-0: Swinging Strike
0-1: Swinging Strike
0-2: Ball
1-2: Ball
2-2: Foul Ball, location: 2F
2-2: Ball
3-2: Foul Ball, location: 2F
3-2: Foul Ball, location: 7LSFF
3-2: Fly out, F2 (Popup, 2RF, EV 86.9 MPH)
Batting: RHB Kosho Shibutani 0-0: Ball
1-0: Foul Ball, location: 23F
1-1: Foul Ball, location: 2F
1-2: Ball
2-2: Ball
3-2: Foul Ball, location: 2F
3-2: Ground out 4-3 (Groundball, 4, EV 100.0 MPH)
Top of the 2nd over - 0 runs, 1 hit, 0 errors, 1 left on base; Los Angeles 0 - Cleveland 3
BOTTOM OF THE 2ND
Cleveland Indians batting - Pitching for Los Angeles Angels : RHP Bob Simmons Jr.
Batting: RHB Ramón Murillo 0-0: Called Strike
0-1: Ball
1-1: Swinging Strike
1-2: Ball
2-2: Strikes out swinging
Batting: LHB Jorge Morán 0-0: Called Strike
0-1: Swinging Strike
0-2: Ball
1-2: Ground out 4-3 (Groundball, 4, EV 98.1 MPH)
Batting: LHB Tony Locke 0-0: Ball
1-0: Foul Ball, location: 2F
1-1: Called Strike
1-2: Ground out U3 (Groundball, 3, EV 88.1 MPH)
Bottom of the 2nd over - 0 runs, 0 hits, 0 errors, 0 left on base; Los Angeles 0 - Cleveland 3
TOP OF THE 3RD
Los Angeles Angels batting - Pitching for Cleveland Indians : LHP Maresuke Ono
Batting: RHB Stanley Blake 0-0: Fly out, F6 (Line Drive, 6M, EV 94.4 MPH)
Batting: SHB Jeff Vaughn 0-0: Called Strike
0-1: Called Strike
0-2: Ball
1-2: Strikes out swinging
Batting: RHB Raúl Galló 0-0: Called Strike
0-1: Swinging Strike
0-2: Ball
1-2: Strikes out swinging
Top of the 3rd over - 0 runs, 0 hits, 0 errors, 0 left on base; Los Angeles 0 - Cleveland 3
BOTTOM OF THE 3RD
Cleveland Indians batting - Pitching for Los Angeles Angels : RHP Bob Simmons Jr.
Batting: RHB Cheung Fang 0-0: Ball
1-0: Fly out, F7 (Flyball, 7, EV 96.3 MPH)
Batting: LHB Ralph Brunskill 0-0: DOUBLE (Line Drive, 7LS, EV 98.1 MPH)
Batting: RHB Juan Galindo 0-0: Foul Ball, location: 5FF
0-1: Ball
1-1: Swinging Strike
1-2: Ball
2-2: Ball
3-2: Foul Ball, location: 5F
3-2: Strikes out swinging
Batting: LHB Bill Martínez 0-0: Ball
1-0: Called Strike
1-1: Ball
2-1: Ball
3-1: Fly out, F7 (Flyball, 7, EV 86.3 MPH)
Bottom of the 3rd over - 0 runs, 1 hit, 0 errors, 1 left on base; Los Angeles 0 - Cleveland 3
TOP OF THE 4TH
Los Angeles Angels batting - Pitching for Cleveland Indians : LHP Maresuke Ono
Batting: RHB Wayne Dorsett 0-0: Called Strike
0-1: Called Strike
0-2: Ball
1-2: Foul Ball, location: 25F
1-2: Ball
2-2: Strikes out swinging
Batting: RHB Craig Martin 0-0: Ball
1-0: Swinging Strike
1-1: Foul Ball, location: 7LMF
1-2: Ball
2-2: Ball
3-2: SINGLE (Groundball, 34D, EV 100.0 MPH)
Batting: RHB Tony Mora 0-0: Grounds into double play, 6-4-3 (Groundball, 6M, EV 104.4 MPH)
Top of the 4th over - 0 runs, 1 hit, 0 errors, 0 left on base; Los Angeles 0 - Cleveland 3
BOTTOM OF THE 4TH
Cleveland Indians batting - Pitching for Los Angeles Angels : RHP Bob Simmons Jr.
Batting: RHB Gonzalo González 0-0: Called Strike
0-1: Ball
1-1: Swinging Strike
1-2: Strikes out looking
Batting: RHB Fedyenka Tiguntsev 0-0: Ball
1-0: Foul Ball, location: 3F
1-1: Ground out 6-3 (Groundball, 6, EV 85.0 MPH)
Batting: RHB Ramón Murillo 0-0: Ball
1-0: Ball
2-0: Called Strike
2-1: SINGLE (Line Drive, 6D, EV 102.5 MPH)
Batting: LHB Jorge Morán 0-0: Called Strike
0-1: Foul Ball, location: 9LSF
0-2: Ball
1-2: SINGLE (Line Drive, 56D, EV 100.0 MPH)
Ramón Murillo to second
Batting: LHB Tony Locke 0-0: Ball
1-0: Called Strike
1-1: Foul Ball, location: 2F
1-2: SINGLE (Groundball, 34D, EV 105.0 MPH)
Ramón Murillo to third
Jorge Morán to second
Runner from 3rd tries for Home, SAFE, throw by RF to home
Batting: RHB Cheung Fang 0-0: Called Strike
0-1: Ball
1-1: Foul Ball, location: 2F
1-2: Ground out 4-3 (Groundball, 4, EV 101.3 MPH)
Bottom of the 4th over - 1 run, 3 hits, 0 errors, 2 left on base; Los Angeles 0 - Cleveland 4
TOP OF THE 5TH
Los Angeles Angels batting - Pitching for Cleveland Indians : LHP Maresuke Ono
Batting: RHB Chris Doubron 0-0: Ball
1-0: Swinging Strike
1-1: Foul Ball, location: 7LSF
1-2: Strikes out swinging
Batting: SHB Xavier Martínez 0-0: Foul Ball, location: 2F
0-1: Ground out 6-3 (Groundball, 6, EV 91.9 MPH)
Batting: RHB Kosho Shibutani 0-0: Called Strike
0-1: Ball
1-1: Foul Ball, location: 9LMF
1-2: Foul Ball, location: 2F
1-2: Foul Ball, location: 2F
1-2: Ball
2-2: SINGLE (Groundball, 4MD, EV 101.3 MPH)
Batting: RHB Stanley Blake 0-0: Ball
1-0: DOUBLE (Line Drive, 89M, EV 95.6 MPH)
Kosho Shibutani to third
Runner from 3rd tries for Home, SAFE, no throw by CF
Batting: SHB Jeff Vaughn 0-0: Foul Ball, location: 9LMF
0-1: Called Strike
0-2: Foul Ball, location: 25F
0-2: Ball
1-2: Strikes out swinging
Top of the 5th over - 1 run, 2 hits, 0 errors, 1 left on base; Los Angeles 1 - Cleveland 4
BOTTOM OF THE 5TH
Cleveland Indians batting - Pitching for Los Angeles Angels : RHP Bob Simmons Jr.
Batting: LHB Ralph Brunskill 0-0: Ball
1-0: Ground out U3 (Groundball, 34, EV 88.1 MPH)
Batting: RHB Juan Galindo 0-0: Called Strike
0-1: Ball
1-1: Ball
2-1: Ball
3-1: Ground out 6-3 (Groundball, 6M, EV 105.0 MPH)
Batting: LHB Bill Martínez 0-0: SINGLE (Groundball, 34S, EV 72.5 MPH) (infield hit)
Batting: RHB Gonzalo González 0-0: Called Strike
0-1: Ball
1-1: Ball
2-1: Swinging Strike
2-2: Ball
3-2: Base on Balls
Bill Martínez to second
Batting: RHB Fedyenka Tiguntsev 0-0: Swinging Strike
0-1: Foul Ball, location: 2F
0-2: Foul Ball, location: 9LDF
0-2: Ground out 6-3 (Groundball, 56D, EV 84.4 MPH)
Bottom of the 5th over - 0 runs, 1 hit, 0 errors, 2 left on base; Los Angeles 1 - Cleveland 4
TOP OF THE 6TH
Los Angeles Angels batting - Pitching for Cleveland Indians : LHP Maresuke Ono
Pitching: RHP Joel Brown
Batting: RHB Raúl Galló 0-0: Ball
1-0: Foul Ball, location: 2F
1-1: Ball
2-1: Foul Ball, location: 9LSF
2-2: Ball
3-2: Strikes out swinging
Pitching: RHP Ron Childs
Batting: RHB Wayne Dorsett 0-0: Ball
1-0: Called Strike
1-1: SINGLE (Line Drive, 6D, EV 97.5 MPH)
Pitching: RHP Andrés Salinas
Batting: RHB Craig Martin 0-0: Called Strike
Wayne Dorsett is caught stealing 2nd base 2-4
0-1: Ball
1-1: Called Strike
1-2: Strikes out swinging
Top of the 6th over - 0 runs, 1 hit, 0 errors, 0 left on base; Los Angeles 1 - Cleveland 4
BOTTOM OF THE 6TH
Cleveland Indians batting - Pitching for Los Angeles Angels : RHP Bob Simmons Jr.
Pitching: RHP Roy Cruz
Batting: RHB Ramón Murillo 0-0: Ball
1-0: Ball
2-0: Ball
3-0: Base on Balls
Batting: LHB Jorge Morán 0-0: Called Strike
Ramón Murillo steals 2nd base
0-1: Fly out, F4 (Popup, 4MS, EV 60.0 MPH)
Batting: LHB Tony Locke 0-0: Ball
1-0: Ball
2-0: Foul Ball, location: 3FF
2-1: Swinging Strike
2-2: Ball
3-2: Strikes out swinging
Batting: RHB Cheung Fang 0-0: Ball
1-0: Called Strike
1-1: Ball
2-1: Foul Ball, location: 5F
2-2: Ball
3-2: Ground out 6-3 (Groundball, 6, EV 85.0 MPH)
Bottom of the 6th over - 0 runs, 0 hits, 0 errors, 1 left on base; Los Angeles 1 - Cleveland 4
TOP OF THE 7TH
Los Angeles Angels batting - Pitching for Cleveland Indians : RHP Andrés Salinas
Batting: RHB Tony Mora 0-0: Called Strike
0-1: Foul Ball, location: 3SF
0-2: Ball
1-2: Ball
2-2: Ground out 5-3 (Groundball, 5, EV 85.0 MPH)
Batting: RHB Chris Doubron 0-0: Called Strike
0-1: Called Strike
0-2: Foul Ball, location: 5SF
0-2: Ball
1-2: Ball
2-2: Strikes out looking
Batting: SHB Xavier Martínez 0-0: Ball
1-0: Foul Ball, location: 9LMF
1-1: Ball
2-1: Swinging Strike
2-2: Strikes out swinging
Top of the 7th over - 0 runs, 0 hits, 0 errors, 0 left on base; Los Angeles 1 - Cleveland 4
BOTTOM OF THE 7TH
Cleveland Indians batting - Pitching for Los Angeles Angels : RHP Roy Cruz
Batting: LHB Ralph Brunskill 0-0: Ground out 6-3 (Groundball, 6S, EV 78.1 MPH)
Batting: RHB Juan Galindo 0-0: Called Strike
0-1: Fly out, F9 (Line Drive, 89D, EV 90.6 MPH)
Batting: LHB Bill Martínez 0-0: Ball
1-0: Foul Ball, location: 7LSF
1-1: Foul Ball, location: 7LMF
1-2: Foul Ball, location: 7LDF
1-2: Ground out 4-3 (Groundball, 4, EV 87.5 MPH)
Bottom of the 7th over - 0 runs, 0 hits, 0 errors, 0 left on base; Los Angeles 1 - Cleveland 4
TOP OF THE 8TH
Los Angeles Angels batting - Pitching for Cleveland Indians : RHP Andrés Salinas
Pinch Hitting: LHB Ma-huan Yan 0-0: Ball
1-0: Called Strike
1-1: Ball
2-1: Foul Ball, location: 25F
2-2: Foul Ball, location: 5FF
2-2: Foul Ball, location: 7LMF
2-2: Foul Ball, location: 2F
2-2: Foul Ball, location: 5DF
2-2: Ball
3-2: Ground out 1-3 (Groundball, 13S, EV 75.6 MPH)
Batting: RHB Stanley Blake 0-0: Ball
1-0: Swinging Strike
1-1: Fly out, F8 (Line Drive, 89M, EV 86.3 MPH)
Batting: SHB Jeff Vaughn 0-0: Ball
1-0: Ground out 4-3 (Groundball, 4, EV 80.0 MPH)
Top of the 8th over - 0 runs, 0 hits, 0 errors, 0 left on base; Los Angeles 1 - Cleveland 4
BOTTOM OF THE 8TH
Cleveland Indians batting - Pitching for Los Angeles Angels : RHP Roy Cruz
Pitching: RHP Matt Jacobs
Now at SS: Joseph Bennett
Batting: RHB Gonzalo González 0-0: Called Strike
0-1: Ball
1-1: SINGLE (Groundball, 13S, EV 67.5 MPH) (infield hit)
Batting: RHB Fedyenka Tiguntsev 0-0: Called Strike
0-1: Ball
1-1: Swinging Strike
1-2: Ball
2-2: Ball
3-2: Fly out, F3 (Popup, 34S, EV 83.1 MPH)
Batting: RHB Ramón Murillo 0-0: Called Strike
0-1: Ball
1-1: Foul Ball, location: 23FF
1-2: Fly out, F8 (Flyball, 8LXD, EV 103.8 MPH)
Batting: LHB Jorge Morán 0-0: SINGLE (Line Drive, 34D, EV 108.1 MPH)
Gonzalo González to second
Batting: LHB Tony Locke 0-0: Foul Ball, location: 2RF
0-1: SINGLE (Line Drive, 8LS, EV 100.0 MPH)
Gonzalo González to third
Jorge Morán to second
Runner from 3rd tries for Home, SAFE, throw by CF to trailing runner, OUT at third! 8-3-5
Bottom of the 8th over - 1 run, 3 hits, 0 errors, 1 left on base; Los Angeles 1 - Cleveland 5
TOP OF THE 9TH
Los Angeles Angels batting - Pitching for Cleveland Indians : RHP Andrés Salinas
Pitching: RHP Jesús Morán
Batting: RHB Raúl Galló 0-0: Ball
1-0: Foul Ball, location: 9LDF
1-1: Ball
2-1: Fly out, F4 (Line Drive, 4M, EV 72.5 MPH)
Batting: RHB Wayne Dorsett 0-0: Called Strike
0-1: Ball
1-1: Ball
2-1: Swinging Strike
2-2: Ball
3-2: Strikes out swinging
Batting: RHB Craig Martin 0-0: Foul Ball, location: 7LMFF
0-1: Ball
1-1: Ground out 6-3 (Groundball, 56, EV 102.5 MPH)
Top of the 9th over - 0 runs, 0 hits, 0 errors, 0 left on base; Los Angeles 1 - Cleveland 5
Wednesday, February 14th , 2024 - OOTP Baseball 24.10 Build 82